 Dungeon Crawl Stone Soup version 0.20-a0-785-g17250f0 (webtiles) character file.

294 Gorglomux the Ruffian (level 6, -1/44 (48) HPs)
             Began as a Ghoul Warper on Feb 27, 2017.
             Slain by Edmund
             ... wielding a +3 dire flail of holy wrath
              (6 damage)
             ... on level 5 of the Dungeon.
             The game lasted 00:04:38 (3097 turns).

Gorglomux the Ruffian (Ghoul Warper)                Turns: 3097, Time: 00:04:40

HP:   -1/44 (48)    AC:  3    Str: 17    XL:     6   Next: 33%
MP:   7/7           EV: 11    Int:  8    God:
Gold: 218           SH:  0    Dex:  8    Spells: 8/8 levels left

rFire    . . .     SeeInvis .     - Unarmed
rCold    + . .     Gourm    .   a - +0 leather armour
rNeg     + + +     Faith    .   (no shield)
rPois    ∞         Spirit   .   (no helmet)
rElec    .         Reflect  .   (no cloak)
rCorr    .         Harm     .   (no gloves)
MR       .....                  (no boots)
Stlth    +.........             (no amulet)
Regen    0.0/turn               (no ring)
MPRegen  0.1/turn               (no ring)

@: rotting
A: rotting body, claws 1, carnivore 3, cold resistance 1, negative energy
resistance 3, inhibited regeneration, torment resistance, unbreathing
a: no special abilities


You were on level 5 of the Dungeon.
You were not hungry.

You visited 1 branch of the dungeon, and saw 5 of its levels.

You collected 218 gold pieces.

Inventory:

Missiles
 d - 5 tomahawks of dispersal (quivered)
 Q - 2 tomahawks
Armour
 a - a +0 leather armour (worn)
Jewellery
 N - an uncursed amulet of rage {unknown}
 T - an uncursed ring of stealth {unknown}
 Z - a +3 ring of protection {unknown}
Wands
 L - a wand of lightning (2/15)
Scrolls
 B - 2 scrolls of blinking
 C - 3 scrolls of remove curse {unknown}
 F - 2 scrolls of enchant weapon {unknown}
 H - 4 scrolls of identify {unknown}
 J - 3 scrolls of fear {unknown}
 K - a scroll of recharging {unknown}
 O - a scroll of immolation {unknown}
 P - 2 scrolls of enchant armour {unknown}
 R - 4 scrolls of fog {unknown}
 S - 3 scrolls of magic mapping {unknown}
 V - a scroll of noise {unknown}
Potions
 E - 2 potions of brilliance {unknown}
 M - 2 potions of might {unknown}
 U - a potion of resistance {unknown}
 W - a potion of curing {unknown}
 X - 2 potions of heal wounds {unknown}
 Y - 2 potions of agility {unknown}
Books
 b - a book of Spatial Translocations

   Spells                             Type                      Level
   a - Blink                          Translocation                2
   b - Shroud of Golubria             Charms/Translocation         2
   c - Lesser Beckoning               Translocation                3
   d - Gell's Gravitas                Translocation                3
   e - Teleport Other                 Translocation                3
   f - Passage of Golubria            Translocation                4
Comestibles
 f - 3 meat rations
 G - 4 royal jellies


   Skills:
 - Level 2.1 Fighting
 - Level 0.8 Throwing
 - Level 0.8 Armour
 - Level 1.7 Dodging
 + Level 7.1 Unarmed Combat
 - Level 1.7 Spellcasting
   Level 2.6 Translocations


You had 8 spell levels left.
You didn't know any spells.

Dungeon Overview and Level Annotations

Branches:
Dungeon (5/15)
 Temple: D:4-7

Altars:

Shops:
D:4 %

Annotations:
D:5 Edmund


Innate Abilities, Weirdness & Mutations

Your body is rotting away.
You thrive on raw meat.
You are immune to poison.
You have sharp fingernails.
You are carnivorous and can eat meat at any time.
Your flesh is cold resistant. (rC+)
You are immune to negative energy. (rN+++)
You do not regenerate when monsters are visible.
You are immune to unholy pain and torment.
You can survive without breathing.


Message History

You see here a robe.
You hear the slow rusting of a very distant drain.
Found a stone staircase leading up.
Edmund the Younger comes into view.
He is wielding a dire flail of holy wrath.
Edmund shouts!
Found a falchion.
There is a stone staircase leading up here.
Edmund barely misses you.
You completely miss Edmund.
Edmund hits you with a dire flail of holy wrath.
You convulse.
You scratch Edmund. You claw Edmund, but do no damage.
Edmund is lightly wounded.
Edmund hits you with a dire flail of holy wrath!
You convulse!!
* * * LOW HITPOINT WARNING * * *
You are too injured to fight recklessly!
There is a stone staircase leading up here.
Edmund hits you with a dire flail of holy wrath.
You die...

#######.########..#
#.......>...#
##########.## #.#
###########.#
#...[.......#
#.###########
#.############
#...@@.......#
############.# #.#
#.# #<# #.# #.# #.#
#.#


You could see Edmund.

Vanquished Creatures
  A hound (D:4)
  A crimson imp (D:5)
  3 worker ants
  9 adders
  An adder skeleton (D:3)
  3 dart slugs
  3 orcs
  8 bats
  A giant cockroach (D:2)
  8 goblins
  6 hobgoblins
  9 jackals
  3 quokkas
  A ball python (D:4)
  10 kobolds
  6 rats
73 creatures vanquished.

Notes
Turn   | Place    | Note
-------+----------+-------------------------------------------
     0 | D:1      | Gorglomux the Ghoul Warper began the quest for the Orb.
     0 | D:1      | Reached XP level 1. HP: 17/17 MP: 2/2
   133 | D:1      | Reached skill level 3 in Unarmed Combat
   133 | D:1      | Reached XP level 2. HP: 19/24 MP: 3/3
   717 | D:2      | Reached XP level 3. HP: 25/29 MP: 4/4
   747 | D:2      | Reached skill level 4 in Unarmed Combat
  1332 | D:2      | Reached XP level 4. HP: 26/36 MP: 5/5
  1688 | D:3      | Reached skill level 5 in Unarmed Combat
  1837 | D:3      | Reached XP level 5. HP: 22/41 MP: 6/6
  1853 | D:3      | HP: 2/41 [adder (3)]
  2132 | D:4      | Reached skill level 6 in Unarmed Combat
  2173 | D:4      | HP: 1/41 [worker ant (6)]
  2365 | D:4      | Reached XP level 6. HP: 7/48 MP: 7/7
  2620 | D:4      | Found Xoyjahou's Food Boutique.
  2973 | D:5      | Entered Level 5 of the Dungeon
  3054 | D:5      | Reached skill level 7 in Unarmed Combat
  3078 | D:5      | Noticed Edmund
  3097 | D:5      | Slain by Edmund

Vault maps used:
D:1:      scummos_arrival_simple_fountains
D:2:      first_bread
D:4:      chequers_ossuary_entry_cave, serial_shops, shop,
          minmay_misc_feat_plants
D:5:      minmay_temple_entry_overgrown, gup_sewer_entry_pipe, uniq_edmund

Skill      XL: |  1  2  3  4  5  6 |
---------------+-------------------+-----
Unarmed Combat | 3 4 5 6 7 |  7.1
Fighting       | |  2.1
Throwing       | |  0.8
Armour         | |  0.8
Dodging        | |  1.7
Spellcasting   | |  1.7
Translocations | |  2.6

Action                   |  1- 3 |  4- 6 || total
-------------------------+-------+-------++-------
Melee: Unarmed           |   107 |   169 ||   276
       Punch             |       |     3 ||     3
  Eat: Chunk             |     6 |    25 ||    31
Armor: Leather armour    |    18 |    49 ||    67
Dodge: Dodged            |    66 |   109 ||   175
